 Dungeon Crawl Stone Soup version 0.28-a0-1395-g4f6bc678fa (webtiles) character file.

Game seed: 17425063702140951084

56 eustatius the Stinger (level 3, -3/14 HPs)
             Began as a Felid Venom Mage on Jan 4, 2022.
             Was an Initiate of Ashenzari.
             Slain by a gnoll (5 damage)
             ... on level 2 of the Dungeon.
             The game lasted 00:08:32 (1594 turns).

eustatius the Stinger (Felid Venom Mage)            Turns: 1594, Time: 00:08:33

Health: -3/14      AC:  1    Str:  4    XL:     3   Next: 71%
Magic:  3/8        EV: 17    Int: 18    God:    Ashenzari [......]
Gold:   128        SH:  0    Dex: 16    Spells: 6/7 levels left
                                        Lives:  0   Deaths: 0

rFire   . . .      SeeInvis +   (weapon unavailable)
rCold   . . .      Faith    .   (shield unavailable)
rNeg    . . .      Spirit   .   (armour unavailable)
rPois   .          Reflect  .   (helmet unavailable)
rElec   .          Harm     .   (cloak unavailable)
rCorr   .          Rampage  .   (gloves unavailable)
Will    .....                   (boots unavailable)
Stlth   ++........              (no amulet)
HPRegen 0.04/turn               (no ring)
MPRegen 0.11/turn               (no ring)

@: lethally poisoned (-3 -> -5), quick
A: very small, claws 1, fangs 3, see invisible, speed 1, shaggy fur 1, stealthy
paws, no weapons or thrown items, no armour, multi-lived
a: Renounce Religion, Curse Item


You were on level 2 of the Dungeon.
You worshipped Ashenzari.
Ashenzari was noncommittal.
You visited 1 branch of the dungeon, and saw 2 of its levels.

You collected 128 gold pieces.

Inventory:

Hand Weapons
 c - a +0 dagger
 i - a +2 hunting sling of freezing
 j - a +3 long sword of holy wrath
Missiles
 e - 4 large rocks
Scrolls
 a - 4 scrolls of identify {unknown}
 b - a scroll of vulnerability {unknown}
 f - a scroll of teleportation {unknown}
Potions
 d - a potion of curing {unknown}
 g - a potion of lignification {unknown}
 h - a potion of degeneration {unknown}


   Skills:
 + Level 0.1 Fighting
 + Level 2.9 Dodging
 + Level 3.1 Stealth
 + Level 2.7 Spellcasting
 + Level 2.0 Transmutations
 + Level 3.2 Poison Magic


You had 6 spell levels left.
You knew the following spells:

 Your Spells              Type           Power      Damage    Failure   Level
a - Sting                 Tmut/Pois      44%        1d5       6%          1

Your spell library contained the following spells:

 Spells                   Type           Power      Damage    Failure   Level
 Poisonous Vapours        Pois/Air       16%        N/A       13%         2
 Mephitic Cloud           Conj/Pois/Air  6%         N/A       32%         3
 Olgreb's Toxic Radiance  Pois           14%        N/A       41%         4


Dungeon Overview and Level Annotations

Branches:
Dungeon (2/15)

Altars:
Ashenzari


Innate Abilities, Weirdness & Mutations

You have sharp claws.
You have razor-sharp teeth.
You have supernaturally acute eyesight. (SInv)
You cover ground quickly. (Speed+)
You are covered in fur. (AC +1)
Your paws help you pounce on unaware monsters.
You are incapable of wielding weapons or throwing items.
You cannot wear armour.
You gain extra lives every three experience levels.


Message History

Press: ? - help, Shift-Dir - straight line, f/p - adder
Aim: an adder (53% to hit)
The sting hits the adder.
The adder is poisoned.
The adder is lightly wounded.
The adder misses you. The adder completely misses you.
You see here a hobgoblin corpse.
Casting: Sting (safe; 6% risk of failure)
Confirm with . or Enter, or press ? or * to list all spells.
Aiming: Sting (safe; 6% risk of failure)
Press: ? - help, Shift-Dir - straight line, f/p - adder
Aim: an adder (heavily wounded, poisoned, 53% to hit)
The sting misses the adder.
The adder misses you. The adder misses you.
The adder looks more healthy.
Casting: Sting (safe; 6% risk of failure)
Confirm with . or Enter, or press ? or * to list all spells.
Aiming: Sting (safe; 6% risk of failure)
Press: ? - help, Shift-Dir - straight line, f/p - adder
Aim: an adder (almost dead, 53% to hit)
The sting misses the adder.
The adder misses you. The adder bites you.
You are poisoned.
The adder poisons you!
You feel sick. The gnoll completely misses you. The adder barely misses you.
You feel sick.
The gnoll hits you from afar with a +0 spear!
Ouch! That really hurt!
* * * LOW HITPOINT WARNING * * *
The adder misses you.
Casting: Sting (safe; 6% risk of failure)
Confirm with . or Enter, or press ? or * to list all spells.
Aiming: Sting (safe; 6% risk of failure)
Press: ? - help, Shift-Dir - straight line, f/p - adder
Aim: an adder (almost dead, 53% to hit)
The sting hits the adder.
The adder is poisoned.
You kill the adder!
* * * LOW HITPOINT WARNING * * *
You feel sick. The gnoll misses you.
The gnoll hits you from afar with a +0 spear.
You die...

#.##.##.#####.# #
#.##.##.......# #........##
#### ####.###.# .## ..#
########.###.##..... .# #.#
#...................
...#.#####.##.......#.##.....
#.........##.#..##.#.........#
.....#######..).@...#.##......
# ###### #..#..†..#.# .>... #
#..#.#gg.#.# #...# #
#..#..g....# #...# #
#.........## #...# #
#.#.....#w####...#####
#.#.#........w........
..#...#.....†.........
.#####..###..............


You could see a worm and 3 gnolls.

Vanquished Creatures
  A gnoll (D:2)
  An adder (D:2)
  2 dart slugs
  3 ball pythons (D:1)
  5 endoplasms
  5 goblins (D:1)
  3 hobgoblins
  4 jackals (D:1)
  5 kobolds
  3 quokkas (D:1)
  2 bats (D:1)
  2 rats (D:1)
36 creatures vanquished.

Notes
Turn   | Place    | Note
-------+----------+-------------------------------------------
     0 | D:1      | eustatius the Felid Venom Mage began the quest for the Orb.
     0 | D:1      | Reached XP level 1. HP: 7/7 MP: 4/4
   181 | D:1      | Reached XP level 2. HP: 9/11 MP: 3/6
   778 | D:1      | Reached XP level 3. HP: 14/14 MP: 2/7
   989 | D:1      | Found a faded altar of an unknown god.
  1026 | D:1      | Prayed at the altar of an unknown god.
  1026 | D:1      | Became a worshipper of Ashenzari the Shackled
  1265 | D:1      | You fall into a shaft and drop 1 floor!
  1594 | D:2      | Slain by a gnoll

Illustrated notes

Levels and vault maps discovered:
D:1:      minmay_arrival_five_plusses, layout_rooms,
          nicolae_ecumenical_snake_handling, minmay_heptomino_w4
D:2:      layout_loops_cross

Skill      XL: |  1  2  3 |
---------------+----------+-----
Poison Magic   | 3 |  3.2
Stealth        | 3 |  3.1
Transmutations | 2 |  2.0
Fighting       | |  0.1
Dodging        | |  2.9
Spellcasting   | |  2.7

Action                   || total
-------------------------++-------
Melee: Unarmed           ||     3
 Cast: Sting             ||    57
Armor: Skin              ||     4
Dodge: Dodged            ||    62

Table legend: (Time is in decaauts)
 A = Elapsed time spent in this place.
 B = Non-inter-level travel time spent in this place.
 C = Inter-level travel time spent in this place.
 D = Time resting spent in this place.
 E = Time spent auto-exploring this place.
 F = Levels seen in this place.
 G = Mean time per level.
                   A        B        C        D        E       F      G
               +--------+--------+--------+--------+--------+-----+--------+
         Total |   1384 |   1361 |     23 |      0 |    717 |   2 |  692.0 |
       Dungeon |   1384 |   1361 |     23 |      0 |    717 |   2 |  692.0 |
               +--------+--------+--------+--------+--------+-----+--------+

Top non-repeatable levels by time:
     D:1: 1115 daAuts
     D:2: 269 daAuts
